 Dungeon Crawl Stone Soup version 0.28-a0-957-g42eb19b844 (webtiles) character file.

Game seed: 7010876918137000867

7 Goblin1989 the Insei (level 1, 0/15 HPs)
             Began as a Demonspawn Transmuter on Nov 30, 2021.
             Slain by a goblin (3 damage)
             ... on level 1 of the Dungeon.
             The game lasted 00:01:48 (295 turns).

Goblin1989 the Insei (Demonspawn Transmuter)         Turns: 295, Time: 00:01:49

Health: 0/15       AC:  2    Str: 10    XL:     1   Next: 83%
Magic:  1/3        EV: 12    Int: 14    God:
Gold:   24         SH:  0    Dex: 13    Spells: 3/4 levels left

rFire   . . .      SeeInvis .     - Unarmed
rCold   . . .      Faith    .   (no shield)
rNeg    . . .      Spirit   .   a - +0 robe
rPois   .          Reflect  .   (helmet currently unavailable)
rElec   .          Harm     .   (no cloak)
rCorr   .          Rampage  .   (no gloves)
Will    .....                   (boots currently unavailable)
Stlth   +.........              (no amulet)
HPRegen 0.05/turn               (no ring)
MPRegen 0.08/turn               (no ring)

@: appendages, very slightly contaminated
A: horns 2, talons 2
a: End Transformation


You were on level 1 of the Dungeon.
You had temporarily grown beastly horns and talons.
You visited 1 branch of the dungeon, and saw 1 of its levels.

You collected 24 gold pieces.

Inventory:

Armour
 a - a +0 robe (worn)
Scrolls
 b - a scroll of identify {unknown}


   Skills:
 - Level 1.0 Fighting
 - Level 1.7 Dodging
 - Level 2.6 Unarmed Combat
 + Level 2.2 Spellcasting
 + Level 2.1 Transmutations


You had 3 spell levels left.
You knew the following spells:

 Your Spells              Type           Power      Damage    Failure   Level
a - Beastly Appendage     Tmut           14%        N/A       10%         1

Your spell library contained the following spells:

 Spells                   Type           Power      Damage    Failure   Level
 Wereblood                Tmut           7%         N/A       14%         2
 Spider Form              Tmut/Pois      4%         N/A       41%         3
 Ice Form                 Ice/Tmut       4%         N/A       83%         4


Dungeon Overview and Level Annotations

Branches:
Dungeon (1/15)

Altars:


Innate Abilities, Weirdness & Mutations

You have temporarily grown beastly horns and talons.


Message History

Unknown command.
A rat comes into view.
You see here a rat corpse.
MP restored: 3 A rat is nearby!
Your horns disappear.
Your talons disappear.
Casting: Beastly Appendage (safe; 11% risk of failure)
Confirm with . or Enter, or press ? or * to list all spells.
You grow a pair of large bovine horns.
Your feet morph into talons.
You now have 2/3 mp.
You hit the rat.
You kill the rat!
No target in view!
No target in view!
Your transformation is almost over.
Your horns disappear.
Your talons disappear.
You now have 24 gold pieces (gained 11).
A bat comes into view.
MP restored: 3 A bat is nearby!
A ball python comes into view.
Casting: Beastly Appendage (safe; 10% risk of failure)
Confirm with . or Enter, or press ? or * to list all spells.
You grow a pair of large bovine horns.
Your feet morph into talons.
You now have 2/3 mp.
A goblin comes into view. It is wielding a +0 club.
The goblin shouts!
The bat closely misses you. The bat closely misses you.
A dart slug comes into view.
You hit the ball python. Your kick misses the ball python.
The ball python is moderately wounded.
Your transformation is almost over.
The ball python barely misses you. The ball python grabs you.
The ball python constricts you.
You take 1 damage, and have 14/15 hp.
You hit the ball python.
You kill the ball python!
The dart slug launches a dart at you. The slug dart hits you.
You take 5 damage, and have 9/15 hp.
MASSIVE DAMAGE!!
You are too injured to fight recklessly!
Unknown command.
The bat closely misses you. The bat barely misses you.
The dart slug launches a dart at you. The slug dart hits you.
You take 2 damage, and have 7/15 hp.
The bat barely misses you.
Your horns disappear.
Your talons disappear.
The bat hits you.
* * * LOW HITPOINT WARNING * * *
You take 1 damage, and have 6/15 hp.
The bat misses you. MP restored: 3 The bat hits you.
* * * LOW HITPOINT WARNING * * *
You take 1 damage, and have 5/15 hp.
The bat barely misses you. The bat completely misses you. The bat misses you.
You see here a rat corpse.
The bat barely misses you. The bat barely misses you.
The bat barely misses you. The bat closely misses you. The bat hits you.
* * * LOW HITPOINT WARNING * * *
You take 1 damage, and have 5/15 hp.
The bat misses you. The bat hits you but does no damage.
The bat closely misses you.
Casting: Beastly Appendage (safe; 10% risk of failure)
Confirm with . or Enter, or press ? or * to list all spells.
You miscast Beastly Appendage.
You are very lightly contaminated with residual magic.
Nothing appears to happen.
The bat hits you.
* * * LOW HITPOINT WARNING * * *
You take 1 damage, and have 4/15 hp.
You now have 2/3 mp.
Casting: Beastly Appendage (safe; 10% risk of failure)
Confirm with . or Enter, or press ? or * to list all spells.
You grow a pair of large bovine horns.
Your feet morph into talons.
The bat closely misses you.
You now have 1/3 mp.
Unknown command.
You hit the bat. Your headbutt misses the bat.
The bat is moderately wounded.
The bat hits you but does no damage. The bat barely misses you.
You hit the bat. Your headbutt misses the bat.
The bat is severely wounded.
The bat hits you but does no damage.
You hit the bat.
You kill the bat!
You closely miss the goblin. Your headbutt misses the goblin.
The goblin barely misses you.
You barely miss the goblin. The goblin hits you with a +0 club.
* * * LOW HITPOINT WARNING * * *
You take 1 damage, and have 3/15 hp.
You barely miss the goblin. Your kick misses the goblin.
You punch the goblin, but do no damage. The goblin hits you with a +0 club.
You die... ███ █.█ ███████.█ ........█ █@█ █.. ... .█ █g███████████

█.. █.██.█
█.██........█
█.. █.██.█
█.██........█
█.. █.██.█
█w..........█
███..███....█
█.███.██.██.██
█.... ......█
█.█..........█
█..███....█
█...█.......██
█.........█
█.█.█..█.██.█


You could see a dart slug and a goblin.

Vanquished Creatures
  A ball python (D:1)
  A hobgoblin (D:1)
  A bat (D:1)
  A frilled lizard (D:1)
  A kobold (D:1)
  3 rats (D:1)
8 creatures vanquished.

Notes
Turn   | Place    | Note
-------+----------+-------------------------------------------
     0 | D:1      | Goblin1989 the Demonspawn Transmuter began the quest for
                  | the Orb.
     0 | D:1      | Reached XP level 1. HP: 15/15 MP: 3/3
   295 | D:1      | Slain by a goblin

Illustrated notes

Levels and vault maps discovered:
D:1:      ebering_trefoil_twist, layout_basic,
          shapermc_ecumenical_altar_rom_forum

Skill      XL: |  1 |
---------------+----+-----
Transmutations | 2 |  2.1
Fighting       | |  1.0
Dodging        | |  1.7
Unarmed Combat | |  2.6
Spellcasting   | |  2.2

Action                   || total
-------------------------++-------
Melee: Unarmed           ||    21
       Kick              ||     3
       Punch             ||     1
 Cast: Beastly Appendage ||     7
Armor: Robe              ||     3
Dodge: Dodged            ||    23

Table legend: (Time is in decaauts)
 A = Elapsed time spent in this place.
 B = Non-inter-level travel time spent in this place.
 C = Inter-level travel time spent in this place.
 D = Time resting spent in this place.
 E = Time spent auto-exploring this place.
 F = Levels seen in this place.
 G = Mean time per level.
                   A        B        C        D        E       F      G
               +--------+--------+--------+--------+--------+-----+--------+
         Total |    296 |    296 |      0 |     12 |    185 |   1 |  296.0 |
       Dungeon |    296 |    296 |      0 |     12 |    185 |   1 |  296.0 |
               +--------+--------+--------+--------+--------+-----+--------+

Top non-repeatable levels by time:
     D:1: 296 daAuts
